 Dungeon Crawl Stone Soup version 0.13.1-20-gf50ca03 (webtiles) character file.

4615 Kae the Martial Artist (level 10, -2/72 HPs)
             Began as a Yellow Draconian Transmuter on Dec 31, 2013.
             Was a Believer of Sif Muna.
             Slain by Prince Ribbit (4 damage)
             ... on Level 9 of the Dungeon.
             The game lasted 00:25:21 (11785 turns).

Kae the Martial Artist (DrTm)                      Turns: 11785, Time: 00:25:21

HP  -2/72        AC 10     Str 19      XL: 10   Next: 11%
MP   0/15        EV 15     Int 13      God: Sif Muna [**....]
Gold 325         SH  0     Dex 14      Spells:  4 memorised,  2 levels left

Res.Fire  : + . .   See Invis. : .     - Unarmed
Res.Cold  : + . .   Warding    : .   (armour unavailable)
Life Prot.: . . .   Conserve   : .   (no shield)
Res.Poison: +       Res.Corr.  : +   (helmet restricted)
Res.Elec. : +       Clarity    : .   e - +1 cloak
Sust.Abil.: . .     Spirit.Shd : +   E - +0 pair of gloves
Res.Mut.  : .       Stasis     : .   (boots unavailable)
Res.Rott. : .       Flight     : .   n - cursed amulet of guardian spirit
Saprovore : . . .                    C - +3 ring of evasion
                                     w - cursed ring of flight

@: appendage, about to teleport, mighty, very slightly contaminated, somewhat
resistant to hostile enchantments, unstealthy
A: spit acid, acid resistance, unfitting armour, talons 3, AC +7
a: Spit Acid, End Transformation, Channel Energy, Forget Spell, Renounce
Religion, Evoke Flight


You were on level 9 of the Dungeon.
You worshipped Sif Muna.
Sif Muna was pleased with you.
You were very hungry.
You had grown temporary talons.
You visited 1 branch of the dungeon, and saw 9 of its levels.

You collected 305 gold pieces.

Inventory:

Hand weapons
 q - the +8,+10 dagger of the Wraith (quivered) {stab, rElec rPois Stlth-}
   (You found it on level 4 of the Dungeon)

   It inflicts extra damage upon your enemies.
   It insulates you from electricity.
   It protects you from poison.
   It makes you less stealthy.
Missiles
 b - 96 arrows
Armour
 e - a +1 cloak (worn)
 E - a +0 pair of gloves (worn)
Magical devices
 A - a wand of confusion (11)
 B - a wand of lightning (6)
 D - a wand of confusion (10)
 M - a wand of fireball (3)
 Q - a wand of digging (17)
Comestibles
 a - 12 bread rations
 p - 6 meat rations
 s - 2 pears
 v - a sausage
 F - an orange
 G - 17 strawberries
Scrolls
 k - 4 scrolls of remove curse
 m - a scroll of random uselessness
 r - a scroll of identify
 u - 3 scrolls of teleportation
 I - a scroll of vulnerability {unknown}
 K - 3 scrolls of recharging {unknown}
 L - 2 scrolls of curse armour {unknown}
 O - a scroll of enchant weapon I
 P - a scroll of fog {unknown}
Jewellery
 g - a cursed ring of hunger {unknown}
 l - an uncursed amulet of the gourmand
 n - a cursed amulet of guardian spirit (around neck)
 w - a cursed ring of flight (left hand)
 x - an uncursed ring of teleportation
 C - a +3 ring of evasion (right hand)
 R - an uncursed amulet of inaccuracy {unknown}
Potions
 c - a potion of confusion
 f - 2 potions of might
 i - a potion of berserk rage {unknown}
 j - 2 potions of restore abilities
 o - a potion of curing
 t - 2 potions of resistance
 z - a potion of magic {unknown}
 H - 3 potions of agility {unknown}
 J - 2 potions of speed
Books
 d - a book of Changes

   Spells                             Type                      Level
   *Beastly Appendage                 Transmutation                1
   *Sticks to Snakes                  Transmutation                2
   *Spider Form                       Transmutation/Poison         3
   Ice Form                           Ice/Transmutation            4
   *Blade Hands                       Transmutation                5
 h - a book of Control

   Spells                             Type                      Level
   Control Teleport                   Charms/Translocation         4
   Control Undead                     Necromancy                   4
   Enslavement                        Hexes                        4
   Mass Confusion                     Hexes                        6
   Metabolic Englaciation             Hexes/Ice                    6
 N - a book of Unlife

   Spells                             Type                      Level
   Recall                             Summoning/Translocation      3
   Animate Dead                       Necromancy                   4
   Control Undead                     Necromancy                   4
   Twisted Resurrection               Necromancy                   5
   Death Channel                      Necromancy                   6
   Simulacrum                         Ice/Necromancy               6


   Skills:
 - Level 1.1 Fighting
 - Level 1.7 Dodging
 * Level 12.0 Unarmed Combat
 - Level 2.0 Spellcasting
 + Level 8.9 Transmutations


You had 2 spell levels left.
You knew the following spells:

 Your Spells              Type           Power        Failure   Level  Hunger
a - Beastly Appendage     Trmt           ###...       1%          1    ##.....
b - Sticks to Snakes      Trmt           ###.......   1%          2    ###....
c - Spider Form           Trmt/Pois      ##........   14%         3    ####...
d - Blade Hands           Trmt           ###.......   21%         5    ######.


Dungeon Overview and Level Annotations

Branches:
Dungeon (9/27)             Temple (0/1) D:4             Orc (0/4) D:9
   Lair: D:8-13

Altars:
Ashenzari
Sif Muna
Trog
Vehumet

Annotations:
D:7 Joseph
D:9 Prince Ribbit


Innate Abilities, Weirdness & Mutations

You can spit globs of acid.*
You can corrode armour when you spit acid.*
You are resistant to acid.*
Your golden yellow scales are hard (AC +7).*
Your body does not fit into most forms of armour.
Your cold-blooded metabolism reacts poorly to cold.
You have claws for feet.*


Message History

You kill the orc priest!
The orc priest prays to Beogh.
You feel a wave of unholy energy pass over you.
Prince Ribbit blinks!
You hit the orc warrior.
You tail-slap the orc warrior, but do no damage.
The orc warrior is lightly wounded.
The orc warrior hits you with an orcish long sword!
* * * LOW HITPOINT WARNING * * *
Unknown command.
Read which item? (? for menu, Esc to quit)
As you read the scroll of teleportation, it crumbles to dust.
You feel strangely unstable.
The orc priest mumbles some strange prayers to Beogh.
You feel troubled.
The orc warrior hits you with an orcish long sword!
* * * LOW HITPOINT WARNING * * *
Unknown command.
Prince Ribbit hits you.
You die...

........o.........#
...................##
....................##
...........[....o....##
......................##
.......................#
...#....................
..###..........o.........
..# #..........@........
..## .........oF.........
...#.....#....%o........
....... ##...oo........
.......# ##............
........ #............
%....... ............
.....................
..........%........


You could see Prince Ribbit, 2 orc warriors, an orc priest and 3 orcs.

Vanquished Creatures
  A human (D:9)
  Grinder (D:5)
  A hippogriff (D:6)
  A hill giant zombie (D:8)
  A vampire mosquito (D:8)
  2 ice beasts
  5 ogres
  A sky beast (D:6)
  The ghost of Kae the Insei, an average DrTm (D:3)
  Duvessa (D:7)
  An orc warrior (D:7)
  4 giant frogs
  A water moccasin (D:7)
  A gnoll sergeant (D:8)
  A hippogriff zombie (D:6)
  A manticore skeleton (D:6)
  Dowan (D:7)
  5 crimson imps
  5 hounds
  5 orc wizards
  Crazy Yiuf (D:3)
  A centaur skeleton (D:8)
  9 orc priests
  A jelly (D:8)
  5 iguanas
  7 worker ants
  3 scorpions
  Ijyb (D:5)
  A mummy (D:7)
  A hound skeleton (D:6)
  5 gnolls (D:8)
  8 adders
  2 giant mites (D:5)
  2 worms
  An adder zombie (D:5)
  A giant eyeball (D:5)
  8 giant geckos
  An ooze (D:3)
  31 orcs
  2 giant cockroaches
  17 hobgoblins
  3 jackals (D:2)
  22 kobolds
  2 quokkas
  4 ball pythons
  23 bats
  2 giant newts
  A giant newt skeleton (D:5)
  2 giant spores
  14 goblins
  A goblin skeleton (D:4)
  A jackal skeleton (D:4)
  A kobold zombie (D:6)
  15 rats
  2 rat skeletons
  A ballistomycete (D:7)
242 creatures vanquished.

Vanquished Creatures (collateral kills)
  A goblin (D:3)
1 creature vanquished.

Grand Total: 243 creatures vanquished

Notes
Turn   | Place    | Note
--------------------------------------------------------------
     0 | D:1      | Kae, the Draconian Transmuter, began the quest for the Orb.
     0 | D:1      | Reached XP level 1. HP: 16/16 MP: 1/1
   530 | D:1      | Reached XP level 2. HP: 23/23 MP: 3/3
   785 | D:1      | Learned a level 2 spell: Sticks to Snakes
  1727 | D:2      | Reached XP level 3. HP: 24/28 MP: 4/4
  1803 | D:2      | Found a radiant altar of Vehumet.
  1806 | D:2      | Found a deep blue altar of Sif Muna.
  1809 | D:2      | Found a shattered altar of Ashenzari.
  1932 | D:2      | Became a worshipper of Sif Muna the Loreminder
  2431 | D:2      | Found a bloodstained altar of Trog.
  2467 | D:2      | Reached skill level 4 in Unarmed Combat
  2813 | D:3      | Noticed Crazy Yiuf
  2931 | D:3      | Killed Crazy Yiuf
  2931 | D:3      | Reached XP level 4. HP: 23/35 MP: 4/6
  2945 | D:3      | Noticed Kae's ghost (average DrTm)
  3370 | D:3      | Learned a level 3 spell: Spider Form
  3840 | D:3      | HP: 1/35 [orc wizard/magic dart (6)]
  3909 | D:2      | Reached skill level 5 in Unarmed Combat
  3909 | D:2      | Reached XP level 5. HP: 8/40 MP: 4/7
  4335 | D:3      | Killed Kae's ghost
  4567 | D:3      | Reached XP level 6. HP: 34/47 MP: 9/9
  4903 | D:4      | Reached skill level 6 in Unarmed Combat
  5384 | D:4      | Got a pitted dagger
  5391 | D:4      | Identified the dagger of the Wraith {stab, rElec rPois Stlth-} (You found it on level 4 of the Dungeon)
  5623 | D:4      | Found a staircase to the Ecumenical Temple.
  5770 | D:5      | Entered Level 5 of the Dungeon
  5827 | D:5      | Paralysed by a giant eyeball for 2 turns
  5916 | D:5      | Your scales start taking on a golden yellow colour.
  5916 | D:5      | Reached XP level 7. HP: 48/52 MP: 8/10
  5969 | D:5      | Reached skill level 5 in Transmutations
  5993 | D:5      | Reached skill level 7 in Unarmed Combat
  6023 | D:5      | Noticed Grinder
  6023 | D:5      | Paralysed by Grinder for 2 turns
  6031 | D:5      | Noticed Ijyb
  6062 | D:5      | Killed Ijyb
  6294 | D:5      | HP: 2/52 [ogre/giant club (17)]
  6579 | D:5      | Reached skill level 8 in Unarmed Combat
  6594 | D:5      | Paralysed by Grinder for 6 turns
  6602 | D:5      | Killed Grinder
  6602 | D:5      | Acquired Sif Muna's first power
  6602 | D:5      | Reached XP level 8. HP: 17/60 MP: 12/12
  7096 | D:6      | Reached skill level 9 in Unarmed Combat
  7324 | D:6      | Learned a level 5 spell: Blade Hands
  8191 | D:7      | Noticed Joseph
  8540 | D:7      | Reached skill level 10 in Unarmed Combat
  8554 | D:7      | Reached XP level 9. HP: 63/66 MP: 13/13
  9478 | D:7      | Noticed Dowan
  9479 | D:7      | Noticed Duvessa
  9492 | D:7      | Killed Duvessa
  9497 | D:7      | Killed Dowan
 10223 | D:8      | Reached skill level 11 in Unarmed Combat
 10753 | D:8      | Acquired Sif Muna's second power
 11693 | D:9      | Noticed Prince Ribbit
 11701 | D:9      | Noticed a human
 11728 | D:9      | Killed a human
 11728 | D:9      | Reached skill level 12 in Unarmed Combat
 11728 | D:9      | Reached XP level 10. HP: 21/72 MP: 6/15
 11734 | D:9      | Found a staircase to the Orcish Mines.
 11783 | D:9      | HP: 2/72 [orc warrior/orcish long sword (12)]
 11785 | D:9      | Slain by Prince Ribbit

Action                   |  1- 3 |  4- 6 |  7- 9 | 10-12 || total
-------------------------+-------+-------+-------+-------++-------
Melee: Unarmed           |   196 |   174 |   409 |     3 ||   782
       Spear             |       |    34 |       |       ||    34
       Dagger            |       |    22 |    88 |       ||   110
Throw: Dagger            |       |       |     2 |       ||     2
 Cast: Beastly Appendage |     5 |    11 |    38 |     1 ||    55
       Sticks to Snakes  |       |     5 |       |       ||     5
       Spider Form       |       |     1 |     1 |       ||     2
 Abil: Spit Acid         |       |       |     2 |       ||     2
       End Transformatio |       |       |     2 |       ||     2
       Evoke Flight      |       |       |     1 |       ||     1
Evoke: Wand              |       |       |     5 |       ||     5
  Use: Scroll            |    10 |     3 |     6 |     2 ||    21
       Potion            |     2 |     3 |     3 |     2 ||    10
 Stab: Distracted        |       |     1 |       |       ||     1
